[ AOE2 MATCH · #482255167 ]
Team RMBulgarians vs Goths
[ REPLAY ANALYSIS · EXTRACTED FROM THE RECORDED GAME ]
Feudal
11:04
Castle
21:27
Imperial
37:34
| APM avg | 18.4 |
| APM peak | 68 |
| eAPM avg | 13.5 |
| Villagers / military | 122 / 343 |
Focus
⚔️ 35.9% · 🌾 64.1%
Konnik ×141 · Militia ×97 · Spearman ×67 · Trebuchet (Packed) ×31 · Trade Cart ×12 · Mangonel ×6
Feudal
13:20
Castle
21:53
Imperial
35:46
| APM avg | 26.1 |
| APM peak | 87 |
| eAPM avg | 11.8 |
| Villagers / military | 120 / 4 |
Focus
⚔️ 29.4% · 🌾 70.6%
Unknown (1952) ×193 · Unknown (1949) ×44 · Trade Cart ×6 · Monk ×4 · Unknown (1942) ×3 · Unknown (1954) ×2
Feudal
—
Castle
—
Imperial
—
| APM avg | 21.7 |
| APM peak | 106 |
| eAPM avg | 17.5 |
| Villagers / military | 134 / 183 |
Focus
⚔️ 22.2% · 🌾 77.8%
Militia ×84 · Spearman ×39 · Mangonel ×30 · Battering Ram ×16 · Woad Raider ×13 · Monk ×1
Feudal
12:07
Castle
26:23
Imperial
39:57
| APM avg | 25.4 |
| APM peak | 64 |
| eAPM avg | 15.6 |
| Villagers / military | 133 / 229 |
Focus
⚔️ 27.7% · 🌾 72.3%
Mangudai ×194 · Trade Cart ×24 · Archer ×14 · Trebuchet (Packed) ×9 · Skirmisher ×6 · Spearman ×5
Feudal
15:17
Castle
26:36
Imperial
41:06
| APM avg | 17.7 |
| APM peak | 59 |
| eAPM avg | 10.3 |
| Villagers / military | 76 / 11 |
Focus
⚔️ 12.3% · 🌾 87.7%
Huskarl ×9 · Trade Cart ×4 · Monk ×1 · Militia ×1
Feudal
12:28
Castle
17:09
Imperial
30:34
| APM avg | 28.4 |
| APM peak | 89 |
| eAPM avg | 15.8 |
| Villagers / military | 162 / 252 |
Focus
⚔️ 40.1% · 🌾 59.9%
Knight ×166 · Hand Cannoneer ×33 · Scout Cavalry ×25 · Trade Cart ×17 · Spearman ×13 · Trebuchet (Packed) ×8
Match map
Initial resources + every placement click. Lines = walls · curves = elevation contours. ◆ gold · ⬟ stone · ● berries · ✦ relic · ◌ wall gap
Your base· ✓ Closed at 21:27 · 13t walls · 1 gate(s)
PalomaBesti's base· ✓ Closed at 21:53 · 31t walls · no gate
ScottWardo's base· ✓ Closed at 18:27 · 45t walls · no gate
Andrez14's base· ✓ Closed at 26:23 · 36t walls · 1 gate(s)
Escobilla's base· ✓ Closed at 26:36 · 24t walls · no gate
种田大叔's base· ✓ Closed at 17:09 · 0t walls · no gate
Smoothed initial terrain · ◌ = detected wall gap · hover for details
Inputs per minute
— Marina Orsini - - PalomaBesti
Build order — Marina Orsini
First 150 of 357 actions detected
| 0:00 | Create | Villager (Male) |
| 0:01 | Create | Villager (Male) |
| 0:01 | Create | Villager (Male) |
| 0:01 | Create | Villager (Male) |
| 0:03 | Build | House |
| 0:06 | Build | House |
| 0:39 | Research | Loom |
| 0:39 | Create | Villager (Male) |
| 0:40 | Create | Villager (Male) |
| 0:40 | Create | Villager (Male) |
| 1:00 | Build | Palisade Wall |
| 2:25 | Create | Villager (Male) |
| 2:25 | Create | Villager (Male) |
| 2:48 | Build | Mill |
| 2:59 | Create | Villager (Male) |
| 3:00 | Create | Villager (Male) |
| 3:27 | Create | Villager (Male) |
| 4:13 | Create | Villager (Male) |
| 4:45 | Create | Villager (Male) |
| 5:12 | Create | Villager (Male) |
| 5:12 | Create | Villager (Male) |
| 5:12 | Create | Villager (Male) |
| 5:18 | Build | House |
| 5:59 | Create | Villager (Male) |
| 6:15 | Build | Palisade Gate |
| 6:21 | Create | Villager (Male) |
| 6:46 | Create | Villager (Male) |
| 7:44 | Create | Villager (Male) |
| 7:50 | Create | Villager (Male) |
| 7:57 | Build | House |
| 8:17 | Build | Lumber Camp |
| 8:54 | Research | Feudal Age |
| 10:05 | Build | Barracks |
| 10:17 | Build | Mining Camp |
| 10:24 | Create | Villager (Male) |
| 11:04 | Age | Feudal Age |
| 11:08 | Create | Militia ×2 |
| 11:17 | Research | Double-Bit Axe |
| 11:24 | Build | Mill |
| 11:40 | Create | Villager (Male) |
| 11:40 | Create | Villager (Male) |
| 11:41 | Create | Villager (Male) |
| 11:41 | Create | Villager (Male) |
| 11:48 | Research | Arson |
| 12:03 | Build | Watch Tower |
| 12:26 | Build | House |
| 12:35 | Build | House |
| 13:11 | Build | Farm |
| 13:13 | Build | Farm |
| 13:15 | Create | Villager (Male) |
| 13:54 | Create | Villager (Male) |
| 13:54 | Create | Villager (Male) |
| 14:03 | Research | Horse Collar |
| 14:08 | Build | Farm |
| 14:16 | Build | Farm |
| 14:42 | Create | Villager (Male) |
| 14:43 | Create | Villager (Male) |
| 14:50 | Build | Farm |
| 15:08 | Build | Market |
| 15:46 | Create | Villager (Male) |
| 15:47 | Create | Villager (Male) |
| 15:55 | Build | House |
| 16:04 | Build | Blacksmith |
| 16:18 | Research | Wheelbarrow |
| 16:23 | Build | Farm |
| 16:54 | Research | Gold Mining |
| 17:20 | Create | Villager (Male) |
| 17:20 | Create | Villager (Male) |
| 17:35 | Build | Farm |
| 17:36 | Build | Farm |
| 17:37 | Build | Farm |
| 17:38 | Build | Farm |
| 17:54 | Build | Farm |
| 18:07 | Build | Farm |
| 18:20 | Build | Farm |
| 18:45 | Research | Castle Age |
| 18:55 | Build | House |
| 18:56 | Build | House |
| 18:57 | Build | House |
| 18:58 | Build | House |
| 19:04 | Build | House |
| 19:04 | Build | House |
| 19:06 | Build | House |
| 19:06 | Build | House |
| 19:06 | Build | House |
| 19:55 | Build | Lumber Camp |
| 19:57 | Build | Lumber Camp |
| 20:40 | Create | Villager (Male) |
| 20:41 | Create | Villager (Male) |
| 21:27 | Age | Castle Age |
| 21:29 | Build | Town Center |
| 21:48 | Build | Town Center |
| 22:04 | Build | Town Center |
| 22:14 | Create | Villager (Male) |
| 22:14 | Create | Villager (Male) |
| 22:14 | Create | Villager (Male) |
| 22:18 | Research | Bow Saw |
| 22:40 | Research | Scale Mail Armor |
| 22:56 | Create | Villager (Male) |
| 22:56 | Create | Villager (Male) |
| 23:13 | Create | Villager (Male) |
| 23:14 | Create | Villager (Male) |
| 23:33 | Build | Farm |
| 23:55 | Build | Stone Wall |
| 23:57 | Build | Stone Wall |
| 24:04 | Build | Gate |
| 24:15 | Research | Hand Cart |
| 24:17 | Create | Villager (Male) |
| 24:32 | Build | Farm |
| 24:32 | Build | Farm |
| 24:40 | Research | Gold Shaft Mining |
| 24:44 | Create | Villager (Male) ×4 |
| 24:45 | Create | Villager (Male) ×4 |
| 25:21 | Create | Villager (Male) |
| 25:22 | Create | Villager (Male) |
| 25:22 | Create | Villager (Male) |
| 25:22 | Create | Villager (Male) |
| 25:51 | Create | Villager (Male) |
| 25:51 | Create | Villager (Male) |
| 25:51 | Create | Villager (Male) |
| 25:52 | Create | Villager (Male) |
| 25:52 | Create | Villager (Male) |
| 25:58 | Build | Farm |
| 25:59 | Build | Farm |
| 26:02 | Build | Farm |
| 26:07 | Create | Villager (Male) |
| 26:07 | Create | Villager (Male) |
| 26:07 | Create | Villager (Male) |
| 26:07 | Create | Villager (Male) |
| 26:22 | Research | Forging |
| 26:24 | Research | Scale Barding Armor |
| 26:28 | Create | Villager (Male) |
| 26:28 | Create | Villager (Male) |
| 26:37 | Build | Farm |
| 26:38 | Build | Farm |
| 26:39 | Build | Farm |
| 26:40 | Build | Farm |
| 26:46 | Build | Monastery |
| 26:52 | Build | Mining Camp |
| 26:57 | Research | Gold Shaft Mining |
| 27:05 | Create | Villager (Male) ×5 |
| 27:05 | Create | Villager (Male) ×5 |
| 27:20 | Research | Heavy Plow |
| 27:23 | Build | Farm |
| 27:29 | Build | Farm |
| 27:33 | Build | Farm |
| 27:37 | Create | Villager (Male) |
| 27:38 | Create | Villager (Male) |
| 27:38 | Create | Villager (Male) |
| 27:38 | Create | Villager (Male) |
Build order — PalomaBesti
First 150 of 367 actions detected
| 0:00 | Create | Villager (Male) |
| 0:01 | Create | Villager (Male) |
| 0:03 | Research | Loom |
| 0:03 | Create | Villager (Male) |
| 0:03 | Create | Villager (Male) |
| 0:04 | Create | Villager (Male) |
| 0:57 | Build | House |
| 1:34 | Create | Villager (Male) |
| 2:12 | Build | Palisade Wall |
| 2:35 | Build | House |
| 2:54 | Create | Villager (Male) |
| 3:05 | Build | House |
| 3:31 | Create | Villager (Male) |
| 4:20 | Build | Palisade Wall |
| 4:25 | Create | Villager (Male) |
| 4:25 | Create | Villager (Male) |
| 4:56 | Create | Villager (Male) |
| 5:19 | Create | Villager (Male) |
| 5:46 | Create | Villager (Male) |
| 6:37 | Build | Palisade Wall |
| 6:45 | Create | Villager (Male) |
| 6:46 | Create | Villager (Male) |
| 7:43 | Create | Villager (Male) |
| 7:43 | Create | Villager (Male) |
| 8:18 | Create | Villager (Male) |
| 8:38 | Build | Lumber Camp |
| 8:53 | Create | Villager (Male) |
| 8:59 | Build | House |
| 9:19 | Create | Villager (Male) |
| 9:34 | Create | Villager (Male) |
| 10:03 | Create | Villager (Male) |
| 10:24 | Build | Mill |
| 10:42 | Build | Mill |
| 10:45 | Create | Villager (Male) |
| 11:10 | Research | Feudal Age |
| 11:59 | Build | Mill |
| 12:05 | Build | House |
| 12:06 | Build | House |
| 12:07 | Build | House |
| 13:01 | Create | Villager (Male) |
| 13:01 | Create | Villager (Male) |
| 13:20 | Age | Feudal Age |
| 13:23 | Create | Villager (Male) |
| 13:23 | Create | Villager (Male) |
| 13:27 | Research | Horse Collar |
| 13:28 | Research | Double-Bit Axe |
| 13:50 | Build | Mining Camp |
| 13:56 | Create | Villager (Male) |
| 14:37 | Create | Villager (Male) |
| 14:40 | Research | Gold Mining |
| 15:19 | Create | Villager (Male) |
| 15:32 | Build | Blacksmith |
| 15:37 | Build | Market |
| 15:42 | Create | Villager (Male) |
| 15:58 | Build | Farm |
| 15:59 | Build | Farm |
| 15:59 | Build | Farm |
| 15:59 | Build | Farm |
| 15:59 | Build | Farm |
| 16:00 | Build | Farm |
| 16:11 | Create | Villager (Male) |
| 16:43 | Create | Villager (Male) |
| 16:55 | Build | Farm |
| 16:55 | Build | Farm |
| 16:55 | Build | Farm |
| 16:55 | Build | Farm |
| 17:06 | Create | Villager (Male) |
| 17:29 | Create | Villager (Male) |
| 17:39 | Build | Barracks |
| 17:46 | Create | Villager (Male) |
| 18:01 | Create | Villager (Male) |
| 18:06 | Build | House |
| 18:07 | Build | House |
| 18:11 | Create | Villager (Male) |
| 18:46 | Build | Stable |
| 19:13 | Research | Castle Age |
| 19:39 | Research | Stone Mining |
| 19:44 | Build | Farm |
| 19:44 | Build | Farm |
| 19:44 | Build | Farm |
| 19:44 | Build | Farm |
| 19:44 | Build | Farm |
| 19:46 | Build | Farm |
| 19:47 | Build | Farm |
| 20:05 | Create | Trade Cart |
| 20:24 | Build | Mining Camp |
| 20:43 | Create | Villager (Male) |
| 21:07 | Build | Stable |
| 21:11 | Build | Archery Range |
| 21:16 | Create | Villager (Male) |
| 21:53 | Age | Castle Age |
| 21:56 | Build | Town Center |
| 22:07 | Build | Town Center |
| 22:09 | Create | Villager (Male) |
| 22:35 | Create | Villager (Male) |
| 22:51 | Build | Lumber Camp |
| 22:54 | Create | Villager (Male) |
| 23:01 | Create | Villager (Male) |
| 23:01 | Create | Villager (Male) |
| 23:11 | Research | Bow Saw |
| 23:15 | Create | Villager (Male) |
| 23:15 | Create | Villager (Male) |
| 23:15 | Create | Villager (Male) |
| 23:26 | Build | Monastery |
| 23:34 | Create | Villager (Male) |
| 23:34 | Create | Villager (Male) |
| 23:35 | Create | Villager (Male) |
| 23:47 | Research | Heavy Plow |
| 24:02 | Create | Unit 1952 |
| 24:10 | Create | Villager (Male) |
| 24:10 | Create | Villager (Male) |
| 24:30 | Research | Fletching |
| 24:33 | Create | Villager (Male) |
| 24:33 | Create | Villager (Male) |
| 24:33 | Create | Villager (Male) |
| 24:53 | Build | House |
| 24:54 | Build | House |
| 24:54 | Build | House |
| 24:55 | Build | House |
| 25:03 | Research | Wheelbarrow |
| 25:08 | Research | Town Watch |
| 25:09 | Create | Villager (Male) |
| 25:09 | Create | Villager (Male) |
| 25:17 | Create | Unit 1952 |
| 25:17 | Create | Unit 1952 |
| 25:21 | Build | Archery Range |
| 25:26 | Research | Bodkin Arrow |
| 25:31 | Create | Villager (Male) |
| 25:31 | Create | Villager (Male) |
| 25:36 | Build | Farm |
| 25:36 | Build | Farm |
| 25:36 | Build | Farm |
| 26:08 | Create | Villager (Male) |
| 26:09 | Create | Villager (Male) |
| 26:09 | Create | Villager (Male) |
| 26:25 | Create | Unit 1952 |
| 26:26 | Create | Unit 1952 |
| 26:27 | Create | Unit 1952 |
| 26:28 | Create | Unit 1952 |
| 26:59 | Create | Villager (Male) |
| 26:59 | Create | Villager (Male) |
| 26:59 | Create | Villager (Male) |
| 27:00 | Create | Villager (Male) |
| 27:00 | Create | Villager (Male) |
| 27:01 | Create | Villager (Male) |
| 27:04 | Create | Unit 1952 |
| 27:04 | Create | Unit 1952 |
| 27:11 | Research | Scale Barding Armor |
| 27:32 | Create | Villager (Male) |
| 27:32 | Create | Villager (Male) |
Build order — ScottWardo
First 150 of 385 actions detected
| 0:01 | Create | Villager (Male) |
| 0:02 | Create | Villager (Male) |
| 0:02 | Create | Villager (Male) |
| 0:02 | Create | Villager (Male) |
| 0:05 | Build | House |
| 0:07 | Build | House |
| 1:36 | Research | Loom |
| 1:38 | Create | Villager (Male) |
| 2:30 | Create | Villager (Male) |
| 2:30 | Create | Villager (Male) |
| 3:22 | Create | Villager (Male) |
| 3:22 | Create | Villager (Male) |
| 3:36 | Build | Palisade Wall |
| 4:21 | Create | Villager (Male) |
| 4:21 | Create | Villager (Male) |
| 4:30 | Create | Villager (Male) |
| 4:49 | Build | Palisade Wall |
| 4:58 | Build | Palisade Wall |
| 5:00 | Create | Villager (Male) |
| 6:09 | Create | Villager (Male) |
| 6:09 | Create | Villager (Male) |
| 6:10 | Create | Villager (Male) |
| 6:13 | Build | House |
| 6:49 | Create | Villager (Male) |
| 6:50 | Create | Villager (Male) |
| 7:11 | Build | Mill |
| 7:26 | Build | House |
| 7:36 | Create | Villager (Male) |
| 7:37 | Create | Villager (Male) |
| 8:06 | Build | Mining Camp |
| 8:10 | Create | Villager (Male) |
| 8:11 | Create | Villager (Male) |
| 8:50 | Build | House |
| 8:52 | Build | House |
| 9:36 | Build | Palisade Wall |
| 9:56 | Build | Lumber Camp |
| 10:16 | Create | Villager (Male) |
| 10:16 | Create | Villager (Male) |
| 10:17 | Create | Villager (Male) |
| 10:17 | Create | Villager (Male) |
| 10:56 | Build | Palisade Wall |
| 12:05 | Research | Feudal Age |
| 12:05 | Research | Feudal Age |
| 13:30 | Build | Mill |
| 13:53 | Build | Barracks |
| 14:06 | Create | Villager (Male) |
| 14:06 | Create | Villager (Male) |
| 14:16 | Build | House |
| 14:19 | Build | House |
| 14:28 | Research | Double-Bit Axe |
| 14:50 | Build | Lumber Camp |
| 15:06 | Create | Villager (Male) |
| 15:07 | Create | Villager (Male) |
| 15:26 | Research | Man-at-Arms (upgrade) |
| 15:39 | Build | Market |
| 15:43 | Create | Villager (Male) |
| 15:44 | Create | Villager (Male) |
| 16:27 | Create | Villager (Male) |
| 16:28 | Create | Villager (Male) |
| 16:36 | Build | Blacksmith |
| 16:41 | Research | Gold Mining |
| 17:39 | Create | Villager (Male) |
| 17:39 | Create | Villager (Male) |
| 18:27 | Research | Castle Age |
| 19:10 | Create | Militia |
| 19:11 | Create | Militia |
| 19:11 | Create | Militia |
| 19:17 | Build | Farm |
| 19:18 | Build | Farm |
| 19:18 | Build | Farm |
| 19:18 | Build | Farm |
| 19:18 | Build | Farm |
| 19:18 | Build | Farm |
| 19:19 | Build | Farm |
| 19:21 | Build | Farm |
| 19:34 | Create | Militia |
| 21:11 | Build | Town Center |
| 21:25 | Build | Town Center |
| 21:31 | Build | Monastery |
| 21:45 | Create | Villager (Male) |
| 21:45 | Create | Villager (Male) |
| 21:51 | Research | Stone Mining |
| 21:59 | Create | Villager (Male) |
| 22:00 | Create | Villager (Male) |
| 22:09 | Create | Villager (Male) |
| 22:09 | Create | Villager (Male) |
| 22:24 | Build | Farm |
| 22:24 | Build | Farm |
| 22:25 | Build | Farm |
| 22:25 | Build | Farm |
| 22:25 | Build | Farm |
| 22:27 | Create | Monk |
| 22:37 | Build | Palisade Wall |
| 22:39 | Build | Palisade Wall |
| 22:40 | Build | Palisade Wall |
| 22:42 | Build | Palisade Wall |
| 22:49 | Create | Villager (Male) |
| 22:49 | Create | Villager (Male) |
| 22:49 | Create | Villager (Male) |
| 23:14 | Build | Mining Camp |
| 23:21 | Build | Town Center |
| 23:49 | Build | Farm |
| 23:50 | Build | Farm |
| 23:50 | Build | Farm |
| 23:50 | Build | Farm |
| 23:53 | Create | Villager (Male) |
| 23:53 | Create | Villager (Male) |
| 23:53 | Create | Villager (Male) |
| 23:53 | Create | Villager (Male) |
| 23:53 | Create | Villager (Male) |
| 23:53 | Create | Villager (Male) |
| 24:26 | Create | Villager (Male) |
| 24:26 | Create | Villager (Male) |
| 24:26 | Create | Villager (Male) |
| 24:35 | Build | Mill |
| 24:36 | Build | Farm |
| 24:36 | Build | Farm |
| 24:37 | Build | Farm |
| 24:37 | Build | Farm |
| 24:46 | Create | Villager (Male) |
| 24:46 | Create | Villager (Male) |
| 24:46 | Create | Villager (Male) |
| 24:46 | Create | Villager (Male) |
| 24:53 | Create | Villager (Male) |
| 24:53 | Create | Villager (Male) |
| 24:53 | Create | Villager (Male) |
| 24:53 | Create | Villager (Male) |
| 24:54 | Create | Villager (Male) |
| 24:54 | Create | Villager (Male) |
| 24:54 | Create | Villager (Male) |
| 24:54 | Create | Villager (Male) |
| 25:04 | Build | House |
| 25:06 | Build | House |
| 25:08 | Build | House |
| 25:10 | Build | House |
| 25:13 | Build | House |
| 25:14 | Build | House |
| 25:22 | Create | Villager (Male) |
| 25:22 | Create | Villager (Male) |
| 25:22 | Create | Villager (Male) |
| 25:22 | Create | Villager (Male) |
| 25:31 | Build | Farm |
| 25:32 | Build | Farm |
| 25:32 | Build | Farm |
| 25:32 | Build | Farm |
| 25:32 | Build | Farm |
| 25:33 | Build | Farm |
| 25:50 | Research | Wheelbarrow |
| 26:20 | Build | Town Center |
| 26:24 | Create | Villager (Male) |
Build order — Andrez14
First 150 of 468 actions detected
| 0:02 | Research | Loom |
| 0:02 | Create | Villager (Male) |
| 0:03 | Create | Villager (Male) |
| 0:04 | Build | House |
| 0:06 | Build | House |
| 1:00 | Build | Palisade Wall |
| 1:10 | Create | Villager (Male) |
| 1:11 | Create | Villager (Male) |
| 1:56 | Build | House |
| 2:00 | Build | Palisade Wall |
| 2:34 | Create | Villager (Male) |
| 2:34 | Create | Villager (Male) |
| 3:18 | Create | Villager (Male) |
| 3:18 | Create | Villager (Male) |
| 3:58 | Create | Villager (Male) |
| 3:58 | Create | Villager (Male) |
| 4:34 | Build | House |
| 4:36 | Build | House |
| 4:37 | Build | House |
| 4:40 | Build | Palisade Wall |
| 4:48 | Create | Villager (Male) |
| 4:49 | Create | Villager (Male) |
| 4:49 | Create | Villager (Male) |
| 4:49 | Create | Villager (Male) |
| 4:49 | Create | Villager (Male) |
| 5:30 | Create | Villager (Male) |
| 5:30 | Create | Villager (Male) |
| 5:37 | Create | Villager (Male) |
| 5:48 | Create | Villager (Male) |
| 5:49 | Create | Villager (Male) |
| 5:57 | Build | Palisade Wall |
| 6:50 | Build | House |
| 7:09 | Create | Villager (Male) |
| 7:09 | Create | Villager (Male) |
| 7:10 | Create | Villager (Male) |
| 7:24 | Build | Palisade Wall |
| 8:11 | Build | Mill |
| 8:30 | Create | Villager (Male) |
| 9:07 | Create | Villager (Male) |
| 9:17 | Build | Lumber Camp |
| 9:32 | Create | Villager (Male) |
| 9:46 | Research | Feudal Age |
| 10:43 | Build | Mill |
| 10:51 | Create | Villager (Male) |
| 10:51 | Create | Villager (Male) |
| 10:52 | Create | Villager (Male) |
| 10:52 | Create | Villager (Male) |
| 10:52 | Create | Villager (Male) |
| 12:07 | Age | Feudal Age |
| 12:08 | Research | Double-Bit Axe |
| 12:08 | Research | Double-Bit Axe |
| 12:08 | Research | Double-Bit Axe |
| 12:34 | Build | Barracks |
| 12:45 | Create | Villager (Male) |
| 12:45 | Create | Villager (Male) |
| 12:46 | Create | Villager (Male) |
| 13:03 | Build | Archery Range |
| 13:44 | Create | Archer |
| 13:45 | Create | Archer |
| 13:51 | Create | Villager (Male) |
| 14:15 | Build | Mining Camp |
| 14:17 | Create | Villager (Male) |
| 14:47 | Create | Villager (Male) |
| 14:47 | Create | Villager (Male) |
| 15:42 | Create | Archer |
| 15:43 | Create | Archer |
| 15:47 | Create | Villager (Male) |
| 15:54 | Build | Farm |
| 15:54 | Build | Farm |
| 15:54 | Build | Farm |
| 15:54 | Build | Farm |
| 15:55 | Build | Farm |
| 15:55 | Build | Farm |
| 15:56 | Build | Farm |
| 15:56 | Build | Farm |
| 16:07 | Create | Archer |
| 16:07 | Create | Archer |
| 16:29 | Build | Blacksmith |
| 16:31 | Build | House |
| 16:43 | Build | House |
| 16:45 | Build | House |
| 16:49 | Build | Archery Range |
| 16:59 | Create | Archer |
| 17:06 | Create | Villager (Male) |
| 17:06 | Create | Villager (Male) |
| 17:09 | Research | Wheelbarrow |
| 17:14 | Build | House |
| 17:24 | Build | House |
| 17:24 | Build | House |
| 17:25 | Build | House |
| 17:25 | Build | House |
| 17:25 | Build | House |
| 17:27 | Build | House |
| 17:30 | Create | Villager (Male) |
| 17:34 | Create | Archer |
| 17:40 | Research | Fletching |
| 17:41 | Research | Padded Archer Armor |
| 17:45 | Create | Archer |
| 17:45 | Create | Archer |
| 18:08 | Create | Villager (Male) |
| 18:19 | Create | Archer |
| 18:45 | Build | Market |
| 18:52 | Create | Skirmisher |
| 18:53 | Create | Skirmisher |
| 18:53 | Create | Skirmisher |
| 18:54 | Create | Skirmisher |
| 18:55 | Create | Archer |
| 18:57 | Create | Villager (Male) |
| 19:02 | Create | Spearman |
| 19:02 | Create | Spearman |
| 19:03 | Create | Spearman |
| 19:03 | Create | Spearman |
| 19:10 | Create | Spearman |
| 19:18 | Create | Villager (Male) |
| 19:30 | Build | House |
| 19:30 | Build | House |
| 19:31 | Build | House |
| 19:32 | Build | House |
| 19:33 | Build | House |
| 19:33 | Build | House |
| 19:40 | Create | Skirmisher |
| 19:40 | Create | Skirmisher |
| 19:41 | Create | Archer |
| 19:41 | Create | Archer |
| 20:07 | Create | Villager (Male) |
| 20:33 | Create | Villager (Male) |
| 20:36 | Research | Horse Collar |
| 20:47 | Build | Farm |
| 20:48 | Build | Farm |
| 20:48 | Build | Farm |
| 20:48 | Build | Farm |
| 20:48 | Build | Farm |
| 20:49 | Build | Farm |
| 20:58 | Research | Scale Mail Armor |
| 21:40 | Build | Lumber Camp |
| 21:53 | Create | Villager (Male) |
| 22:09 | Build | House |
| 22:09 | Build | House |
| 22:10 | Build | House |
| 22:10 | Build | House |
| 22:11 | Build | House |
| 22:12 | Build | House |
| 22:12 | Build | House |
| 22:14 | Build | House |
| 22:15 | Build | House |
| 22:18 | Create | Trade Cart |
| 22:19 | Create | Trade Cart |
| 22:19 | Create | Trade Cart |
| 22:19 | Create | Trade Cart |
| 22:40 | Create | Villager (Male) |
Build order — Escobilla
First 150 of 169 actions detected
| 0:05 | Build | House |
| 0:06 | Build | House |
| 0:07 | Build | House |
| 0:14 | Create | Villager (Male) |
| 0:14 | Create | Villager (Male) |
| 0:14 | Create | Villager (Male) |
| 0:14 | Create | Villager (Male) |
| 1:15 | Build | Palisade Wall |
| 1:55 | Create | Villager (Male) |
| 3:01 | Create | Villager (Male) |
| 3:01 | Create | Villager (Male) |
| 3:01 | Create | Villager (Male) |
| 3:56 | Research | Loom |
| 5:48 | Create | Villager (Male) |
| 5:48 | Create | Villager (Male) |
| 5:49 | Create | Villager (Male) |
| 7:04 | Build | Lumber Camp |
| 7:35 | Create | Villager (Male) |
| 7:36 | Create | Villager (Male) |
| 7:36 | Create | Villager (Male) |
| 9:09 | Build | Mill |
| 9:32 | Create | Villager (Male) |
| 9:32 | Create | Villager (Male) |
| 10:46 | Create | Villager (Male) |
| 10:48 | Create | Villager (Male) |
| 10:49 | Create | Villager (Male) |
| 11:18 | Build | Barracks |
| 11:46 | Build | Farm |
| 12:08 | Build | Farm |
| 12:12 | Create | Villager (Male) |
| 12:24 | Build | Farm |
| 12:57 | Build | Farm |
| 13:07 | Research | Feudal Age |
| 13:20 | Build | Farm |
| 13:33 | Build | Outpost |
| 13:36 | Create | Militia |
| 13:55 | Build | Mining Camp |
| 15:17 | Age | Feudal Age |
| 15:30 | Build | Farm |
| 15:40 | Create | Villager (Male) |
| 15:40 | Create | Villager (Male) |
| 15:41 | Create | Villager (Male) |
| 15:52 | Build | House |
| 15:53 | Build | House |
| 15:55 | Build | House |
| 16:06 | Research | Gold Mining |
| 16:10 | Build | Farm |
| 16:31 | Create | Villager (Male) |
| 16:48 | Build | Farm |
| 17:07 | Create | Villager (Male) |
| 17:12 | Build | Farm |
| 17:36 | Build | Mining Camp |
| 17:46 | Build | Farm |
| 18:07 | Build | Farm |
| 18:30 | Create | Villager (Male) |
| 18:30 | Create | Villager (Male) |
| 18:31 | Create | Villager (Male) |
| 18:32 | Create | Villager (Male) |
| 18:47 | Create | Villager (Male) |
| 19:07 | Build | Market |
| 19:12 | Create | Villager (Male) |
| 19:16 | Research | Double-Bit Axe |
| 19:53 | Build | Farm |
| 20:16 | Build | Farm |
| 20:33 | Create | Villager (Male) |
| 20:39 | Build | Farm |
| 21:09 | Build | House |
| 21:10 | Build | House |
| 21:11 | Build | House |
| 21:31 | Build | Blacksmith |
| 21:36 | Research | Wheelbarrow |
| 21:49 | Create | Trade Cart |
| 22:10 | Build | Farm |
| 22:30 | Build | Farm |
| 22:55 | Build | Farm |
| 22:55 | Build | Farm |
| 23:06 | Create | Villager (Male) |
| 23:06 | Create | Villager (Male) |
| 23:45 | Build | Farm |
| 23:52 | Research | Castle Age |
| 24:44 | Build | Lumber Camp |
| 24:58 | Research | Stone Mining |
| 26:36 | Age | Castle Age |
| 26:50 | Build | Castle |
| 26:59 | Create | Villager (Male) |
| 27:00 | Create | Villager (Male) |
| 27:00 | Create | Villager (Male) |
| 27:01 | Create | Villager (Male) |
| 27:01 | Create | Villager (Male) |
| 27:03 | Create | Villager (Male) |
| 27:03 | Create | Villager (Male) |
| 27:03 | Create | Villager (Male) |
| 27:17 | Research | Bow Saw |
| 27:41 | Build | Farm |
| 28:01 | Create | Villager (Male) |
| 28:02 | Create | Villager (Male) |
| 28:02 | Create | Villager (Male) |
| 28:22 | Research | Fletching |
| 29:51 | Build | House |
| 30:13 | Create | Villager (Male) |
| 30:13 | Create | Villager (Male) |
| 30:13 | Create | Villager (Male) |
| 30:27 | Build | Farm |
| 30:27 | Build | Farm |
| 30:40 | Build | Farm |
| 30:45 | Research | Anarchy |
| 31:45 | Build | Monastery |
| 31:53 | Research | Stone Shaft Mining |
| 32:47 | Create | Monk |
| 34:00 | Create | Villager (Male) |
| 34:00 | Create | Villager (Male) |
| 34:01 | Create | Villager (Male) |
| 34:02 | Create | Villager (Male) |
| 34:45 | Research | Imperial Age |
| 35:17 | Create | Huskarl |
| 35:17 | Create | Huskarl |
| 35:17 | Create | Huskarl |
| 35:18 | Create | Huskarl |
| 35:18 | Create | Huskarl |
| 35:18 | Create | Huskarl |
| 35:19 | Create | Huskarl |
| 35:19 | Create | Huskarl |
| 35:19 | Create | Huskarl |
| 35:35 | Research | Pikeman (upgrade) |
| 35:42 | Build | House |
| 35:44 | Build | House |
| 36:21 | Build | Town Center |
| 36:50 | Create | Villager (Male) |
| 37:46 | Build | Farm |
| 37:56 | Research | Imperial Age |
| 38:15 | Create | Villager (Male) |
| 38:15 | Create | Villager (Male) |
| 38:15 | Create | Villager (Male) |
| 38:16 | Create | Villager (Male) |
| 38:16 | Create | Villager (Male) |
| 38:17 | Create | Villager (Male) |
| 38:17 | Create | Villager (Male) |
| 38:42 | Build | Farm |
| 38:50 | Build | Town Center |
| 39:40 | Create | Trade Cart |
| 39:40 | Create | Trade Cart |
| 39:42 | Create | Trade Cart |
| 40:09 | Create | Villager (Male) |
| 40:09 | Create | Villager (Male) |
| 40:09 | Create | Villager (Male) |
| 40:10 | Create | Villager (Male) |
| 40:10 | Create | Villager (Male) |
| 40:10 | Create | Villager (Male) |
| 40:11 | Create | Villager (Male) |
| 40:11 | Create | Villager (Male) |
Build order — 种田大叔
First 150 of 543 actions detected
| 0:02 | Create | Villager (Male) |
| 0:03 | Create | Villager (Male) |
| 0:03 | Create | Villager (Male) |
| 0:05 | Build | House |
| 0:07 | Build | House |
| 1:11 | Create | Villager (Male) |
| 1:11 | Create | Villager (Male) |
| 1:11 | Create | Villager (Male) |
| 1:35 | Create | Villager (Male) |
| 1:35 | Create | Villager (Male) |
| 2:02 | Create | Villager (Male) |
| 2:02 | Create | Villager (Male) |
| 2:02 | Create | Villager (Male) |
| 2:14 | Build | Lumber Camp |
| 2:25 | Create | Villager (Male) |
| 2:26 | Create | Villager (Male) |
| 2:50 | Create | Villager (Male) |
| 2:50 | Create | Villager (Male) |
| 3:04 | Create | Villager (Male) |
| 3:04 | Create | Villager (Male) |
| 3:04 | Create | Villager (Male) |
| 3:47 | Create | Villager (Male) |
| 3:48 | Create | Villager (Male) |
| 3:48 | Create | Villager (Male) |
| 4:24 | Create | Villager (Male) |
| 4:24 | Create | Villager (Male) |
| 4:42 | Build | House |
| 4:48 | Research | Loom |
| 4:48 | Create | Villager (Male) |
| 4:49 | Create | Villager (Male) |
| 4:54 | Build | House |
| 5:27 | Create | Villager (Male) |
| 5:27 | Create | Villager (Male) |
| 5:44 | Build | Mill |
| 5:50 | Create | Villager (Male) |
| 5:50 | Create | Villager (Male) |
| 6:03 | Create | Villager (Male) |
| 6:04 | Create | Villager (Male) |
| 7:23 | Create | Villager (Male) |
| 7:24 | Create | Villager (Male) |
| 7:24 | Create | Villager (Male) |
| 7:43 | Create | Villager (Male) |
| 7:43 | Create | Villager (Male) |
| 8:14 | Create | Villager (Male) |
| 8:14 | Create | Villager (Male) |
| 8:18 | Build | House |
| 8:21 | Build | House |
| 8:31 | Build | Mill |
| 9:26 | Research | Feudal Age |
| 9:59 | Create | Villager (Male) |
| 10:50 | Build | Mining Camp |
| 11:59 | Build | Lumber Camp |
| 12:28 | Age | Feudal Age |
| 12:42 | Build | Market |
| 12:55 | Build | Blacksmith |
| 13:02 | Create | Villager (Male) |
| 13:02 | Create | Villager (Male) |
| 13:32 | Build | Farm |
| 13:34 | Build | Farm |
| 13:37 | Build | Farm |
| 13:58 | Create | Villager (Male) |
| 14:08 | Build | Farm |
| 14:29 | Research | Castle Age |
| 14:34 | Build | Farm |
| 14:38 | Build | Farm |
| 15:02 | Build | Farm |
| 15:26 | Build | Farm |
| 15:42 | Create | Villager (Male) |
| 15:42 | Create | Villager (Male) |
| 15:47 | Build | Farm |
| 16:00 | Build | Farm |
| 17:09 | Age | Castle Age |
| 17:13 | Build | Town Center |
| 17:21 | Build | Town Center |
| 17:47 | Create | Villager (Male) |
| 17:47 | Create | Villager (Male) |
| 18:28 | Build | Monastery |
| 18:37 | Create | Villager (Male) |
| 18:38 | Create | Villager (Male) |
| 18:38 | Create | Villager (Male) |
| 18:40 | Build | Farm |
| 18:45 | Build | Farm |
| 18:52 | Create | Villager (Male) |
| 18:52 | Create | Villager (Male) |
| 19:04 | Build | Farm |
| 19:11 | Create | Villager (Male) |
| 19:11 | Create | Villager (Male) |
| 19:12 | Create | Villager (Male) |
| 19:12 | Create | Villager (Male) |
| 19:25 | Build | Farm |
| 19:30 | Create | Monk |
| 19:31 | Create | Monk |
| 19:42 | Build | University |
| 19:51 | Create | Villager (Male) |
| 19:52 | Create | Villager (Male) |
| 19:52 | Create | Villager (Male) |
| 20:04 | Build | Farm |
| 20:15 | Build | House |
| 20:20 | Build | House |
| 20:25 | Build | House |
| 20:27 | Build | House |
| 20:27 | Build | House |
| 20:32 | Research | Wheelbarrow |
| 20:34 | Create | Villager (Male) |
| 20:34 | Create | Villager (Male) |
| 20:34 | Create | Villager (Male) |
| 20:45 | Build | Farm |
| 20:45 | Build | Farm |
| 20:45 | Build | Farm |
| 20:52 | Build | Farm |
| 20:58 | Create | Villager (Male) |
| 20:58 | Create | Villager (Male) |
| 20:59 | Create | Villager (Male) |
| 21:13 | Build | Farm |
| 21:16 | Build | Farm |
| 21:24 | Build | Farm |
| 21:28 | Build | Farm |
| 21:34 | Build | Farm |
| 21:37 | Create | Villager (Male) |
| 21:37 | Create | Villager (Male) |
| 21:38 | Create | Villager (Male) |
| 21:38 | Create | Villager (Male) |
| 21:43 | Build | Farm |
| 21:52 | Build | House |
| 21:57 | Build | House |
| 22:06 | Create | Villager (Male) |
| 22:07 | Create | Villager (Male) |
| 22:07 | Create | Villager (Male) |
| 22:07 | Create | Villager (Male) |
| 22:10 | Build | Farm |
| 22:16 | Create | Villager (Male) |
| 22:17 | Create | Villager (Male) |
| 22:17 | Create | Villager (Male) |
| 22:38 | Build | Farm |
| 22:41 | Create | Villager (Male) |
| 22:42 | Create | Villager (Male) |
| 22:42 | Create | Villager (Male) |
| 22:42 | Create | Villager (Male) |
| 22:42 | Create | Villager (Male) |
| 22:48 | Build | House |
| 22:50 | Build | House |
| 22:50 | Build | House |
| 22:58 | Build | House |
| 22:59 | Build | House |
| 23:00 | Build | House |
| 23:01 | Build | House |
| 23:03 | Build | House |
| 23:08 | Create | Villager (Male) |
| 23:08 | Create | Villager (Male) |
| 23:09 | Create | Villager (Male) |
Match timeline
| 1:00 | Marina Orsini · wall_segment Palisade Wall x13 |
| 1:00 | Andrez14 · wall_segment Palisade Wall x12 |
| 1:15 | Escobilla · wall_segment Palisade Wall x24 |
| 2:00 | Andrez14 · wall_segment Palisade Wall x3 |
| 2:12 | PalomaBesti · wall_segment Palisade Wall x18 |
| 3:36 | ScottWardo · wall_segment Palisade Wall x7 |
| 4:20 | PalomaBesti · wall_segment Palisade Wall x12 |
| 4:40 | Andrez14 · wall_segment Palisade Wall x3 |
| 4:49 | ScottWardo · wall_segment Palisade Wall x3 |
| 4:58 | ScottWardo · wall_segment Palisade Wall x9 |
| 5:57 | Andrez14 · wall_segment Palisade Wall x2 |
| 6:37 | PalomaBesti · wall_segment Palisade Wall x3 |
| 7:24 | Andrez14 · wall_segment Palisade Wall x2 |
| 9:36 | ScottWardo · wall_segment Palisade Wall x11 |
| 10:05 | Marina Orsini · first_building Barracks |
| 10:56 | ScottWardo · wall_segment Palisade Wall x16 |
| 11:04 | Marina Orsini · age_up feudal |
| 11:18 | Escobilla · first_building Barracks |
| 12:07 | Andrez14 · age_up feudal |
| 12:28 | 种田大叔 · age_up feudal |
| 12:34 | Andrez14 · first_building Barracks |
| 13:03 | Andrez14 · first_building Archery Range |
| 13:20 | PalomaBesti · age_up feudal |
| 13:53 | ScottWardo · first_building Barracks |
| 15:17 | Escobilla · age_up feudal |
| 17:09 | 种田大叔 · age_up castle |
| 17:39 | PalomaBesti · first_building Barracks |
| 18:28 | 种田大叔 · first_building Monastery |
| 18:46 | PalomaBesti · first_building Stable |
| 18:57 | PalomaBesti · first_market_buy 100 food |
| 21:11 | PalomaBesti · first_building Archery Range |
| 21:27 | Marina Orsini · age_up castle |
| 21:31 | ScottWardo · first_building Monastery |
| 21:42 | Marina Orsini · first_market_buy 100 stone |
| 21:53 | PalomaBesti · age_up castle |
| 21:55 | Marina Orsini · first_market_sell 100 food |
| 22:37 | ScottWardo · wall_segment Palisade Wall x2 |
| 22:39 | ScottWardo · wall_segment Palisade Wall x3 |
| 22:40 | ScottWardo · wall_segment Palisade Wall x3 |
| 22:42 | ScottWardo · wall_segment Palisade Wall x3 |
| 23:12 | Andrez14 · first_market_sell 100 wood |
| 23:13 | Andrez14 · first_market_buy 100 food |
| 23:26 | PalomaBesti · first_building Monastery |
| 23:55 | Marina Orsini · wall_segment Stone Wall x5 |
| 23:57 | Marina Orsini · wall_segment Stone Wall x10 |
| 24:52 | ScottWardo · first_market_buy 500 food |
| 25:33 | Andrez14 · wall_segment Stone Wall x8 |
| 25:38 | Andrez14 · wall_segment Stone Wall x5 |
| 25:52 | Andrez14 · wall_segment Stone Wall x3 |
| 26:23 | Andrez14 · age_up castle |
| 26:36 | Escobilla · age_up castle |
| 26:37 | Escobilla · first_market_buy 100 stone |
| 26:45 | 种田大叔 · first_building Barracks |
| 26:46 | Marina Orsini · first_building Monastery |
| 26:50 | Escobilla · first_building Castle |
| 27:30 | ScottWardo · first_building Castle |
| 27:58 | 种田大叔 · first_building Stable |
| 28:26 | Andrez14 · first_building Monastery |
| 29:39 | PalomaBesti · first_building Castle |
| 29:56 | 种田大叔 · first_building Castle |
| 30:34 | 种田大叔 · age_up imperial |
| 31:45 | Escobilla · first_building Monastery |
| 32:00 | 种田大叔 · first_building Archery Range |
| 32:06 | Marina Orsini · first_building Castle |
| 32:08 | ScottWardo · first_building Siege Workshop |
| 32:12 | 种田大叔 · first_building Siege Workshop |
| 32:29 | PalomaBesti · first_market_sell 100 wood |
| 34:49 | Andrez14 · first_building Stable |
| 35:46 | PalomaBesti · age_up imperial |
| 36:08 | Andrez14 · first_building Siege Workshop |
| 37:29 | Andrez14 · first_building Castle |
| 37:31 | Marina Orsini · first_building Siege Workshop |
| 37:34 | Marina Orsini · age_up imperial |
| 39:40 | PalomaBesti · first_building Siege Workshop |
| 39:57 | Andrez14 · age_up imperial |
| 41:06 | Escobilla · age_up imperial |
| 43:23 | Escobilla · wall_segment Palisade Wall x9 |
| 43:37 | Escobilla · wall_segment Palisade Wall x8 |
| 44:01 | Escobilla · wall_segment Palisade Wall x6 |
| 45:14 | Escobilla · tribute_sent a jugador 1 |
| 45:14 | Escobilla · tribute_sent a jugador 2 |
| 45:14 | Escobilla · tribute_sent a jugador 3 |
| 45:14 | Escobilla · tribute_sent a jugador 4 |
| 45:14 | Escobilla · tribute_sent a jugador 6 |
| 45:27 | Escobilla · resign |
[ AI ANALYSIS · 1 CREDIT ]
What really happened in this match?
Wolo.gg analyzes every decision: build order, eco, micro, common mistakes by bracket. Personalized analysis on WhatsApp or Discord in 30 seconds.
Civ guide
Bulgarians
Map guide
Black Forest
Perfil
Jugador #23926548